Map: Ruines d’Endion

Players

WhitedeviL - Winner!

  • Race: Zerg Zerg
  • League: Gold
  • Spawn Location: 5:00

zidar

  • Race: Zerg Zerg
  • League: Gold
  • Spawn Location: 7:00

VOD

Have the link to the VOD?

Description

Time

  • Played on: July 1, 2016, 10:15 a.m.
  • Length: 7:42
Show
View Real Time Build Order
Export as new Build Order

WhitedeviL Zerg - Winner!

Build Orders: Pool First 

Get SALT Encoding   

  12  0:01  Drone  
  13  0:11  Drone  
  14  0:28  Spawning Pool  
  14  0:30  Drone  
  14  0:59  Overlord  
  14  1:00  Overlord  
  14  1:27  Spine Crawler  
  14  1:31  Spine Crawler, Zergling x6  
  15  1:42  Queen  
  17  1:48  Zergling x2  
  18  2:02  Drone  
  19  2:13  Extractor, Drone  
  19  2:17  Spine Crawler  
  18  2:26  Hatchery  
  17  2:32  Drone x2  
  19  2:38  Drone  
  20  2:46  Queen  
  22  3:05  Zergling x2  
  22  3:06  Zergling x2  
  22  3:12  Zergling x2  
  22  3:25  Drone  
  22  3:26  Spine Crawler  
  21  3:51  Spine Crawler  
  21  3:54  Overlord, Zergling x4  
  22  3:58  Metabolic Boost  
  22  4:03  Lair  
  21  4:22  Drone x4  
  21  4:23  Extractor  
  25  4:31  Drone  
  21  5:03  Queen  
  21  5:04  Zergling x6  
  24  5:22  Spire  
  23  5:50  Drone x3  
  26  6:06  Drone  
  27  6:19  Drone x3  
  30  6:34  Mutalisk x2  
  34  6:42  Mutalisk  
  34  6:44  Mutalisk  
  38  6:54  Overlord  
  38  6:56  Overlord  
  37  7:13  Mutalisk  
  39  7:16  Mutalisk  
Show
View Real Time Build Order
Export as new Build Order

zidar Zerg 

Build Orders: 1 Base Baneling Bust, Pool First 

Get SALT Encoding   

  12  0:01  Drone  
  13  0:12  Extractor  
  13  0:13  Drone  
  13  0:31  Spawning Pool  
  12  0:45  Drone  
  12  0:46  Overlord  
  13  0:56  Overlord  
  13  1:19  Metabolic Boost  
  13  1:23  Queen  
  15  1:29  Zergling x2  
  15  1:32  Zergling x2  
  17  1:37  Zergling x2  
  18  1:58  Zergling x4  
  20  2:05  Zergling x2  
  21  2:14  Zergling x2  
  22  2:27  Zergling x2  
  23  2:33  Zergling x6  
  24  3:27  Baneling Nest  
  24  3:28  Drone x6  
  29  3:39  Hatchery  
  28  4:03  Lair  
  28  4:07  Extractor, Drone x2  
  28  4:08  Overlord  
  28  4:19  Baneling x2  
  28  4:23  Drone  
  29  4:25  Overlord  
  29  4:30  Baneling  
  21  5:09  Zergling x8  
  21  5:10  Queen, Zergling x4  
  29  5:21  Roach Warren  
  29  5:25  Drone  
  29  5:27  Drone x2  
  31  5:41  Baneling  
  31  5:42  Baneling  
  31  5:51  Drone x7  
  38  6:11  Overlord  
  38  6:12  Overlord x2  
  38  6:25  Roach x4  
  46  6:28  Roach  
  48  6:37  Roach  
  48  6:38  Roach  
  48  6:39  Roach  
  54  6:42  Roach  
  55  7:18  Roach x8  
Tags
 
Add a new tag
Caveats
  • Supply blocks, unpowered buildings, or Contaminate may cause inaccurate times.
  • Supply counts are checked every 10 seconds.